[ AOE2 MATCH · #507052569 ]
UnrankedJurchens vs Tupi
Player's team · LOSS
Rival team · WIN
[ REPLAY ANALYSIS · EXTRACTED FROM THE RECORDED GAME ]
Feudal
8:50
Castle
—
Imperial
—
| APM avg | 53.5 |
| APM peak | 91 |
| eAPM avg | 29.2 |
| Villagers / military | 34 / 4 |
Focus
⚔️ 36.8% · 🌾 63.2%
Archer ×3 · Militia ×1
Feudal
9:40
Castle
—
Imperial
—
| APM avg | 34.7 |
| APM peak | 69 |
| eAPM avg | 20.5 |
| Villagers / military | 39 / 0 |
Focus
⚔️ 38.7% · 🌾 61.3%
Unknown (2550) ×3
Match map
Initial resources + every placement click. Lines = walls · curves = elevation contours. ◆ gold · ⬟ stone · ● berries · ✦ relic · ◌ wall gap
Your base· Open — unwalled flank
gupo57's base· Open — unwalled flank
Smoothed initial terrain · ◌ = detected wall gap · hover for details
Inputs per minute
— 康寶羊 - - gupo57
Build order — 康寶羊
73 actions detected in the replay
| 0:00 | Queue | Villager (Male) |
| 0:00 | Queue | Villager (Male) |
| 0:01 | Queue | Villager (Male) |
| 0:03 | Build | House |
| 0:04 | Build | House |
| 0:05 | Queue | Villager (Male) |
| 1:33 | Queue | Villager (Male) |
| 1:47 | Build | Lumber Camp |
| 1:59 | Queue | Villager (Male) |
| 2:16 | Queue | Villager (Male) |
| 2:38 | Queue | Villager (Male) |
| 2:51 | Queue | Villager (Male) |
| 2:51 | Queue | Villager (Male) |
| 3:33 | Build | House |
| 3:34 | Build | House |
| 3:41 | Queue | Villager (Male) |
| 3:41 | Queue | Villager (Male) |
| 3:59 | Queue | Villager (Male) |
| 4:13 | Build | Mill |
| 4:32 | Queue | Villager (Male) |
| 4:32 | Queue | Villager (Male) |
| 5:08 | Queue | Villager (Male) |
| 5:11 | Research | Loom |
| 6:40 | Research | Feudal Age |
| 7:17 | Build | Barracks |
| 8:18 | Build | House |
| 8:25 | Queue | Villager (Male) |
| 8:47 | Build | Mining Camp |
| 8:50 | Age | Feudal Age |
| 8:57 | Build | Archery Range |
| 9:11 | Research | Double-Bit Axe |
| 9:12 | Queue | Villager (Male) |
| 9:20 | Build | Palisade Wall |
| 9:21 | Build | Palisade Wall |
| 9:21 | Build | Palisade Wall |
| 9:22 | Build | Palisade Wall |
| 9:25 | Build | Palisade Wall |
| 9:28 | Build | Palisade Wall |
| 9:29 | Build | Palisade Wall |
| 9:37 | Queue | Villager (Male) |
| 9:38 | Queue | Villager (Male) |
| 9:43 | Queue | Archer |
| 9:58 | Build | Palisade Wall |
| 9:59 | Build | Palisade Wall |
| 10:17 | Queue | Militia |
| 10:22 | Queue | Villager (Male) |
| 10:29 | Build | Watch Tower |
| 10:33 | Build | House |
| 10:58 | Queue | Archer |
| 11:14 | Queue | Villager (Male) |
| 11:50 | Queue | Villager (Male) |
| 11:52 | Queue | Villager (Male) |
| 11:56 | Queue | Villager (Male) |
| 12:08 | Queue | Villager (Male) |
| 12:12 | Build | House |
| 12:23 | Build | Palisade Wall |
| 12:31 | Build | Palisade Wall |
| 12:40 | Queue | Villager (Male) |
| 12:55 | Build | Mining Camp |
| 13:22 | Build | Farm |
| 13:23 | Build | Farm |
| 13:33 | Queue | Villager (Male) |
| 13:45 | Queue | Villager (Male) |
| 13:50 | Queue | Villager (Male) |
| 13:54 | Build | Farm |
| 13:55 | Build | Farm |
| 14:05 | Queue | Archer |
| 14:11 | Build | Blacksmith |
| 14:20 | Build | Farm |
| 14:42 | Queue | Villager (Male) |
| 15:03 | Queue | Villager (Male) |
| 15:30 | Queue | Villager (Male) |
| 15:32 | Queue | Villager (Male) |
Build order — gupo57
77 actions detected in the replay
| 0:00 | Queue | Villager (Male) |
| 0:01 | Build | House |
| 0:02 | Build | House |
| 0:10 | Queue | Villager (Male) |
| 0:10 | Queue | Villager (Male) |
| 0:16 | Queue | Villager (Male) |
| 1:05 | Queue | Villager (Male) |
| 1:17 | Build | House |
| 1:46 | Queue | Villager (Male) |
| 1:46 | Queue | Villager (Male) |
| 2:22 | Queue | Villager (Male) |
| 2:22 | Queue | Villager (Male) |
| 2:22 | Queue | Villager (Male) |
| 2:27 | Build | House |
| 2:44 | Queue | Villager (Male) |
| 2:45 | Queue | Villager (Male) |
| 3:12 | Build | Settlement |
| 3:29 | Queue | Villager (Male) |
| 3:29 | Queue | Villager (Male) |
| 3:40 | Queue | Villager (Male) |
| 3:40 | Queue | Villager (Male) |
| 4:24 | Queue | Villager (Male) |
| 4:24 | Queue | Villager (Male) |
| 4:24 | Queue | Villager (Male) |
| 4:24 | Queue | Villager (Male) |
| 5:06 | Queue | Villager (Male) |
| 5:07 | Queue | Villager (Male) |
| 5:09 | Queue | Villager (Male) |
| 5:09 | Research | Loom |
| 5:13 | Build | House |
| 5:49 | Build | Barracks |
| 7:02 | Build | Settlement |
| 7:23 | Research | Feudal Age |
| 7:40 | Queue | Unit 2550 |
| 8:05 | Queue | Unit 2550 |
| 8:05 | Queue | Unit 2550 |
| 8:08 | Build | Palisade Gate |
| 8:29 | Build | Settlement |
| 9:35 | Queue | Villager (Male) |
| 9:40 | Age | Feudal Age |
| 9:42 | Research | Tech 1402 |
| 9:43 | Research | Double-Bit Axe |
| 9:44 | Queue | Villager (Male) |
| 9:44 | Queue | Villager (Male) |
| 10:16 | Build | Watch Tower |
| 10:22 | Queue | Villager (Male) |
| 10:32 | Build | Stone Wall |
| 10:42 | Build | Stone Wall |
| 10:53 | Build | Stone Wall |
| 10:55 | Build | Stone Wall |
| 10:57 | Build | Stone Wall |
| 11:19 | Build | Watch Tower |
| 11:24 | Queue | Villager (Male) |
| 11:25 | Queue | Villager (Male) |
| 11:57 | Queue | Villager (Male) |
| 11:58 | Queue | Villager (Male) |
| 12:44 | Queue | Villager (Male) |
| 12:44 | Queue | Villager (Male) |
| 12:54 | Build | Blacksmith |
| 13:20 | Build | Watch Tower |
| 13:59 | Queue | Villager (Male) |
| 13:59 | Queue | Villager (Male) |
| 14:21 | Research | Fletching |
| 14:28 | Build | Farm |
| 14:32 | Queue | Villager (Male) |
| 14:39 | Build | Watch Tower |
| 14:45 | Build | Stone Wall |
| 14:46 | Build | Stone Wall |
| 14:48 | Build | Stone Wall |
| 14:55 | Build | Stone Wall |
| 15:00 | Build | Stone Wall |
| 15:02 | Build | Stone Wall |
| 15:03 | Build | Stone Wall |
| 15:22 | Queue | Villager (Male) |
| 15:22 | Queue | Villager (Male) |
| 15:33 | Queue | Villager (Male) |
| 15:36 | Build | Farm |
Match timeline
| 5:49 | gupo57 · first_building Barracks |
| 7:17 | 康寶羊 · first_building Barracks |
| 8:50 | 康寶羊 · age_up feudal |
| 8:57 | 康寶羊 · first_building Archery Range |
| 9:20 | 康寶羊 · wall_segment Palisade Wall x1 |
| 9:21 | 康寶羊 · wall_segment Palisade Wall x1 |
| 9:21 | 康寶羊 · wall_segment Palisade Wall x1 |
| 9:22 | 康寶羊 · wall_segment Palisade Wall x1 |
| 9:25 | 康寶羊 · wall_segment Palisade Wall x1 |
| 9:28 | 康寶羊 · wall_segment Palisade Wall x1 |
| 9:29 | 康寶羊 · wall_segment Palisade Wall x1 |
| 9:40 | gupo57 · age_up feudal |
| 9:58 | 康寶羊 · wall_segment Palisade Wall x1 |
| 9:59 | 康寶羊 · wall_segment Palisade Wall x1 |
| 10:32 | gupo57 · wall_segment Stone Wall x1 |
| 10:42 | gupo57 · wall_segment Stone Wall x1 |
| 10:53 | gupo57 · wall_segment Stone Wall x1 |
| 10:55 | gupo57 · wall_segment Stone Wall x1 |
| 10:57 | gupo57 · wall_segment Stone Wall x1 |
| 12:23 | 康寶羊 · wall_segment Palisade Wall x1 |
| 12:31 | 康寶羊 · wall_segment Palisade Wall x1 |
| 14:45 | gupo57 · wall_segment Stone Wall x1 |
| 14:46 | gupo57 · wall_segment Stone Wall x1 |
| 14:48 | gupo57 · wall_segment Stone Wall x1 |
| 14:55 | gupo57 · wall_segment Stone Wall x1 |
| 15:00 | gupo57 · wall_segment Stone Wall x1 |
| 15:02 | gupo57 · wall_segment Stone Wall x1 |
| 15:03 | gupo57 · wall_segment Stone Wall x1 |
| 15:54 | 康寶羊 · resign |
[ AI ANALYSIS · 1 CREDIT ]
What really happened in this match?
Wolo.gg analyzes every decision: build order, eco, micro, common mistakes by bracket. Personalized analysis on WhatsApp or Discord in 30 seconds.
Civ guide
Jurchens
Perfil
Jugador #2359685